 Dungeon Crawl Stone Soup version 0.28.0-53-g5a82cb258f (webtiles) character file.

Game seed: 6632177239342869377

2 eooof the Sneak (level 1, 0/9 HPs)
             Began as a Spriggan Venom Mage on May 23, 2022.
             Slain by a goblin
             ... wielding a +0 club
              (2 damage)
             ... on level 1 of the Dungeon.
             The game lasted 00:02:58 (79 turns).

eooof the Sneak (Spriggan Venom Mage)                 Turns: 79, Time: 00:02:58

Health: 0/9        AC:  2    Str:  4    XL:     1   Next: 25%
Magic:  5/5        EV: 17    Int: 16    God:
Gold:   0          SH:  0    Dex: 15    Spells: 4/5 levels left

rFire   . . .      SeeInvis +   b - +0 dagger
rCold   . . .      Faith    .   (no shield)
rNeg    . . .      Spirit   .   a - +0 robe
rPois   .          Reflect  .   (helmet restricted)
rElec   .          Harm     .   (no cloak)
rCorr   .          Rampage  .   (gloves unavailable)
Will    .....                   (boots unavailable)
Stlth   ++........              (no amulet)
HPRegen 0.03/turn               (no ring)
MPRegen 0.09/turn               (no ring)

@: very quick
A: very small, no large weapons, unfitting armour, see invisible, speed 3
a: no special abilities


You were on level 1 of the Dungeon.
You visited 1 branch of the dungeon, and saw 1 of its levels.

Inventory:

Hand Weapons
 b - a +0 dagger (weapon)
Missiles
 c - 20 stones
Armour
 a - a +0 robe (worn)


   Skills:
 + Level 3.0 Dodging
 + Level 3.0 Stealth
 + Level 2.6 Spellcasting
 + Level 1.3 Transmutations
 + Level 3.0 Poison Magic


You had 4 spell levels left.
You knew the following spells:

 Your Spells              Type           Power      Damage    Failure   Level
a - Sting                 Tmut/Pois      36%        1d4       8%          1

Your spell library contained the following spells:

 Spells                   Type           Power      Damage    Failure   Level
 Poisonous Vapours        Pois/Air       12%        N/A       16%         2
 Freeze                   Ice            8%         1d3       19%         1
 Mephitic Cloud           Conj/Pois/Air  5%         N/A       36%         3
 Frozen Ramparts          Ice            4%         1d2       50%         3
 Olgreb's Toxic Radiance  Pois           11%        N/A       50%         4
 Hailstorm                Conj/Ice       2%         3d3       88%         4


Dungeon Overview and Level Annotations

Branches:
Dungeon (1/15)

Altars:


Innate Abilities, Weirdness & Mutations

You are very small and have problems with some larger weapons.
You are too small for most types of armour.
You have supernaturally acute eyesight. (SInv)
You cover ground extremely quickly. (Speed+++)


Message History

Press: ? - help, Shift-Dir - straight line, f - rat
Aim: a rat (68% to hit)
The sting hits the rat.
The rat is poisoned.
You kill the rat!
Your Dodging skill increases to level 3!
Unknown command.
Sorry, you're not good enough to have a special ability.
Unknown command.
Unknown command.
Unknown command.
Unknown command.
There's nothing to close nearby.
There's nothing to close nearby.
You aren't carrying any items that you can evoke.
A goblin comes into view. It is wielding a +0 club.
Memorise Freeze, consuming 1 spell level and leaving 3? [Y]es or [N]o only, please.
Memorise Freeze, consuming 1 spell level and leaving 3?
Okay, then.
You enter the shallow water.
Moving in this stuff is going to be slow.
Hit: b) +0 dagger
Press: ? - help, Dir - move target Your unstable footing causes you to fumble your attack.
Hit: b) +0 dagger
Press: ? - help, Dir - move target You swing at nothing.
Magic restored.
The goblin shouts!
You hear an angry hiss.
A frilled lizard comes into view.
The goblin hits you but does no damage.
The frilled lizard moves out of view.
Hit: b) +0 dagger
Press: ? - help, Dir - move target, f - goblin
Aim: a goblin, wielding a +0 club (about 44% to evade your +0 dagger)
You closely miss the goblin. The goblin misses you.
Hit: b) +0 dagger
Press: ? - help, Dir - move target, f/p - goblin
Aim: a goblin, wielding a +0 club (about 44% to evade your +0 dagger)
You hit the goblin but do no damage. The goblin hits you with a +0 club.
You die...

... #.. #.. #.# ## ..
.....# #.###..#####.#.#
#...........g.# #.. #@#
.# #..### ##.## ## ...#
#....####...####..
..#.# #.....#..≈..#....
...#.##8..≈....≈....≈..
......##...≈..≈≈≈..≈...
......#.....≈≈≈≈≈≈≈....
#.........≈≈≈≈...≈≈≈≈..
#(.###..≈≈≈≈≈..<..≈≈≈≈≈


You could see a goblin.

Vanquished Creatures
  A goblin (D:1)
  A rat (D:1)
2 creatures vanquished.

Notes
Turn   | Place    | Note
-------+----------+-------------------------------------------
     0 | D:1      | eooof the Spriggan Venom Mage began the quest for the Orb.
     0 | D:1      | Reached XP level 1. HP: 9/9 MP: 5/5
    79 | D:1      | Slain by a goblin

Illustrated notes

Levels and vault maps discovered:
D:1:      eino_arrival_water_star, layout_loops_ring,
          ebering_ecumenical_altar_sacrificial, minmay_lizard_king

Skill      XL: |  1 |
---------------+----+-----
Dodging        | 3 |  3.0
Stealth        | |  3.0
Spellcasting   | |  2.6
Transmutations | |  1.3
Poison Magic   | |  3.0

Action                   || total
-------------------------++-------
Melee: Unarmed           ||    16
       Dagger            ||     2
 Cast: Sting             ||     1
Armor: Robe              ||     1
Dodge: Dodged            ||    11
